 Dungeon Crawl Stone Soup version 0.26-a0-278-g3b0d5afba5 (webtiles) character file.

Game seed: 5605627274180670291

35 BritishOli the Skirmisher (level 3, 29/29 HPs)
             Began as a Demonspawn Fighter on July 11, 2020.
             Quit the game on level 1 of the Dungeon on July 12, 2020.
             The game lasted 00:01:20 (960 turns).

BritishOli the Skirmisher (Demonspawn Fighter)       Turns: 960, Time: 00:01:21

Health: 29/29      AC:  6    Str: 17    XL:     3   Next: 16%
Magic:  3/3        EV:  7    Int:  9    God:
Gold:   27         SH:  9    Dex: 12    Spells: 2/2 levels left

rFire    . . .     SeeInvis .   a - +0 long sword
rCold    . . .     Faith    .   c - +0 kite shield
rNeg     . . .     Spirit   .   b - +0 scale mail
rPois    .         Reflect  .   (no helmet)
rElec    .         Harm     .   (no cloak)
rCorr    .                      (no gloves)
MR       .....                  (no boots)
Stlth    ..........             (no amulet)
HPRegen  0.09/turn              (no ring)
MPRegen  0.08/turn              (no ring)

@: no status effects
A: demonic guardian 1, rot immunity
a: no special abilities


You were on level 1 of the Dungeon.
You visited 1 branch of the dungeon, and saw 1 of its levels.

You collected 27 gold pieces.

Inventory:

Hand Weapons
 a - a +0 long sword (weapon)
Armour
 b - a +0 scale mail (worn)
 c - a +0 kite shield (worn)
Jewellery
 j - an uncursed ring of stealth {unknown}
Scrolls
 e - a scroll of remove curse {unknown}
 g - 2 scrolls of identify {unknown}
 i - a scroll of enchant weapon {unknown}
Potions
 d - a potion of might
 h - a potion of curing {unknown}
Comestibles
 f - 4 removed foods


   Skills:
 + Level 3.3 Fighting
 + Level 2.2 Long Blades
 + Level 3.1 Armour
 + Level 3.0 Shields


You had 2 spell levels left.
You didn't know any spells.
Your spell library was empty.

Dungeon Overview and Level Annotations

Branches:
Dungeon (1/15)

Altars:


Innate Abilities, Weirdness & Mutations

A weak demonic guardian rushes to your aid.
You are immune to rotting.


Message History

A rat is nearby!
Things that are here:
a +0 club; a hobgoblin corpse; a bat corpse You see here 19 stones.
You hit the rat.
You kill the rat!
No target in view!
No target in view!
No target in view!
No target in view!
HP restored.
Things that are here:
a +0 club; a hobgoblin corpse; a bat corpse
There is an open door here.
f - 4 rations (gained 2)
Things that are here:
a cursed +0 club; a goblin skeleton Welcome back, BritishOli the Demonspawn Fighter.
Press ? for a list of commands and other information.
Are you sure you want to abandon this character and quit the game? (Confirm with "yes".)

..##..........
..##.......... .
#.#####.#####. .. #.#
###.....+. ... #(#
#....#.##. ....#######.#
#.##....#.
..........#)###†####....
#.......#.##..........
##....@..#.#....##.....
#.......†.'...##..#.....
#.#.......##..#[.##.....
#.......##..##........
##......##...).##.....
.'......#########.....
##......# #.....
####.### ###+#. #. ##...


There were no monsters in sight!

Vanquished Creatures
  3 dart slugs (D:1)
  A leopard gecko (D:1)
  4 bats (D:1)
  3 goblins (D:1)
  3 hobgoblins (D:1)
  A jackal (D:1)
  5 frilled lizards (D:1)
  7 kobolds (D:1)
  A rat (D:1)
28 creatures vanquished.

Notes
Turn   | Place    | Note
-------+----------+-------------------------------------------
     0 | D:1      | BritishOli the Demonspawn Fighter began the quest for the
                  | Orb.
     0 | D:1      | Reached XP level 1. HP: 18/18 MP: 1/1
   307 | D:1      | Gained mutation: A weak demonic guardian rushes to your
                  | aid. [demonic ancestry]
   307 | D:1      | Reached XP level 2. HP: 24/24 MP: 2/2
   758 | D:1      | Gained mutation: You are immune to rotting. [demonic
                  | ancestry]
   758 | D:1      | Reached XP level 3. HP: 21/29 MP: 3/3
   960 | D:1      | Upgraded the game from 0.26-a0-264-g3a471323bd to
                  | 0.26-a0-278-g3b0d5afba5
   960 | D:1      | Quit the game

Illustrated notes

Levels and vault maps discovered:
D:1:      dpeg_arrival_line_fractal, layout_basic, minmay_pentomino_u2

Skill      XL: |  1  2 |
---------------+-------+-----
Long Blades    | 2 |  2.2
Armour         | 3 |  3.1
Shields        | 3 |  3.0
Fighting       | |  3.3

Action                   || total
-------------------------++-------
Melee: Long sword        ||    76
Armor: Scale mail        ||    63
Dodge: Dodged            ||    37
Block: Kite shield       ||    36
       Rpst.: Long sword ||    12

Table legend:
 A = Non-vault XP
 B = Vault XP
 C = Vault XP percentage of total XP
 D = Non-vault monster count
 E = Vault monster count
 F = Vault count percentage of total count
                 A         B        C        D         E       F
            +---------+---------+-------+---------+---------+-------
      Total |      47 |       3 |   6.0 |      26 |       2 |   7.1
            +---------+---------+-------+---------+---------+-------
        D:1 |      47 |       3 |   6.0 |      26 |       2 |   7.1
            +---------+---------+-------+---------+---------+-------
